 Dungeon Crawl Stone Soup version 0.29-a0-322-g68df515428 (webtiles) character file.

Game seed: 9404547377562400815

1888 avis the Grappler (level 9, -1/82 HPs)
             Began as a Hill Orc Monk on Apr 10, 2022.
             Was a Priest of Beogh.
             Slain by a cyclops (23 damage)
             ... on level 6 of the Dungeon.
             The game lasted 00:40:59 (7280 turns).

avis the Grappler (Hill Orc Monk)                   Turns: 7280, Time: 00:41:00

Health: -1/82      AC: 16    Str: 20    XL:     9   Next: 15%
Magic:  0/12       EV: 12    Int: 16    God:    Beogh [***...]
Gold:   102        SH:  0    Dex: 13    Spells: 2/12 levels left

rFire   . . .      SeeInvis .     - Unarmed
rCold   . . .      Faith    .   (no shield)
rNeg    . . .      Spirit   .   u - +6 leather armour of the Old and Reckless {rPois Int+2 Slay+3}
rPois   +          Reflect  .   A - +0 helmet
rElec   .          Harm     .   C - +0 cloak
rCorr   .          Rampage  .   n - +0 pair of gloves
Will    .....                   (no boots)
Stlth   ++........              W - amulet of the acrobat
HPRegen 0.23/turn               Y - +6 ring of strength
MPRegen 0.13/turn               (no ring)

@: ice-armoured
A: no striking features
a: Renounce Religion, Smiting


You were on level 6 of the Dungeon.
You worshipped Beogh.
Beogh was most pleased with you.
You visited 1 branch of the dungeon, and saw 6 of its levels.
You also visited: Sewer.

You collected 320 gold pieces.
You spent 218 gold pieces at shops.

Inventory:

Hand Weapons
 b - a +1 whip of venom
 l - a +0 spear
 p - a +0 trident of protection
 q - a +0 scythe
 y - a +0 spear
 D - a +0 hand crossbow
 M - a +2 mace of holy wrath
 O - a +0 arbalest
 P - a +0 shortbow
 S - a +0 spear
 T - a +0 spear
 V - a +1 short sword of holy wrath
Missiles
 e - 6 javelins
 h - 157 stones
 H - 12 boomerangs (quivered)
 N - a boomerang of dispersal
 U - 18 poisoned darts
Armour
 n - a +0 pair of gloves (worn)
 u - the +6 leather armour of the Old and Reckless (worn) {rPois Int+2 Slay+3}
   (You found it on level 4 of the Dungeon)

   Int:       It affects your intelligence (+2).
   Slay:      It affects your accuracy & damage with ranged weapons and melee
   (+3).
   rPois:     It protects you from poison.
 x - a +1 robe of willpower
 A - a +0 helmet (worn)
 C - a +0 cloak (worn)
 E - a +0 plate armour
 R - a +0 buckler
 X - a +0 plate armour
Jewellery
 W - an amulet of the acrobat (around neck)
 Y - a +6 ring of strength (left hand)
 Z - a +6 ring of dexterity
Wands
 I - a wand of digging (6)
 L - a wand of polymorph (7)
Scrolls
 d - a scroll of enchant weapon {unknown}
 f - 4 scrolls of immolation {unknown}
 k - 3 scrolls of fog {unknown}
 o - 6 scrolls of teleportation
 v - 2 scrolls of summoning {unknown}
 w - a scroll of blinking {unknown}
 B - a scroll of enchant armour {unknown}
 F - 2 scrolls of acquirement {unknown}
 G - a scroll of fear {unknown}
 J - a scroll of amnesia {unknown}
 K - 3 scrolls of magic mapping {unknown}
Potions
 a - a potion of magic
 c - a potion of ambrosia
 g - 2 potions of haste
 i - 6 potions of heal wounds
 j - a potion of curing
 m - 2 potions of brilliance
 r - a potion of resistance
 s - a potion of cancellation {unknown}
 t - 3 potions of mutation
 z - 2 potions of might {unknown}
 Q - a potion of lignification


   Skills:
 + Level 8.3 Fighting
 - Level 2.4 Dodging
 - Level 1.5 Stealth
 + Level 8.4 Unarmed Combat
 - Level 2.0 Spellcasting
 - Level 2.0 Transmutations
 - Level 4.0 Ice Magic
 - Level 3.0 Invocations


You had 2 spell levels left.
You knew the following spells:

 Your Spells              Type           Power      Damage    Failure   Level
f - Frozen Ramparts       Ice            28%        1d4       14%         3
o - Ozocubu's Armour      Ice            14%        N/A       14%         3
q - Ice Form              Ice/Tmut       11%        N/A       56%         4

Your spell library contained the following spells:

 Spells                   Type           Power      Damage    Failure   Level
 Animate Skeleton         Necr           2%         N/A       24%         1
 Magic Dart               Conj           4%         1d3       24%         1
 Pain                     Necr           4%         1d4       24%         1
 Sandblast                Erth           2%         2d4       24%         1
 Summon Small Mammal      Summ           4%         N/A       24%         1
 Passwall                 Tmut/Erth      3%         N/A       24%         2
 Call Imp                 Summ           1%         N/A       36%         2
 Call Canine Familiar     Summ           1%         N/A       58%         3
 Mephitic Cloud           Conj/Pois/Air  1%         N/A       58%         3
 Stone Arrow              Conj/Erth      2%         3d7       58%         3
 Summon Guardian Golem    Hex/Summ       1%         N/A       58%         3
 Vampiric Draining        Necr           1%         2d6       58%         3
 Summon Ice Beast         Ice/Summ       8%         N/A       71%         4
 Ozocubu's Refrigeration  Ice            7%         4d6       100%        7


Dungeon Overview and Level Annotations

Branches:
Dungeon (6/15)              Sewer (visited)
 Temple: D:4-7

Altars:
Yredelemnul

Shops:
D:1 (   D:2 [!!?

Annotations:
D:1 hidden deep water


Message History

You see here a scroll labelled XAC VUSOIRAPHI.
You can't carry that many items.
You drop 157 stones.
d - a scroll labelled XAC VUSOIRAPHI You drop 2 potions of attraction.
You see here 157 stones.
h - 157 stones
Okay, then.
There is an open door, spattered with blood here.
Things that are here:
a +0 dagger; a +0 robe You open the door.
A cyclops comes into view.
The cyclops shouts!
The cyclops throws a large rock.
The large rock hits you!!
Unknown command.
You close the door.
Casting: Frozen Ramparts (dangerous; 14% risk of failure)
Confirm with . or Enter, or press ? or * to list all spells.
A film of ice covers your body!
A cyclops opens the door.
Casting: Ozocubu's Armour (dangerous; 14% risk of failure)
Confirm with . or Enter, or press ? or * to list all spells.
Casting: Frozen Ramparts (dangerous; 14% risk of failure)
Press: ? - help, Dir - look around, f - activate The walls around you are covered in ice.
The wall freezes the cyclops.
The cyclops throws a large rock.
The large rock hits you!!
* * * LOW HITPOINT WARNING * * *
Your icy armour and frozen ramparts will break if you move.
Continue?
Your icy armour cracks and falls away as you move.
The frozen ramparts melt away as you move.
There is an open door here.
Casting: Frozen Ramparts (dangerous; 14% risk of failure)
Confirm with . or Enter, or press ? or * to list all spells.
A film of ice covers your body! The cyclops barely misses you.
Casting: Ozocubu's Armour (dangerous; 14% risk of failure)
Confirm with . or Enter, or press ? or * to list all spells.
Your icy armour thickens.
The cyclops hits you!!
You die...

..#..#####.###...##...#######
###### #.# ######...###...#
#.. ######........# #..
##...##........# #..
#.....#..##....# ##
#.....#####....# #.....#
#.....# #..C# #.....#
###@#########..#
#.....##...##..#
#.....#.....#..#
+..8..)....!#..#
#.....#.....#..#
#.....##...##..#
#.....#######..#
#..............#
################


You could see a cyclops.

Vanquished Creatures
  A kobold demonologist (D:6)
  Sigmund (D:2)
  Pargi (Sewer)
  Duvessa (D:5)
  A black bear (D:6)
  A sky beast (D:6)
  An ogre (D:5)
  A phantom (D:6)
  2 kobold brigands (D:6)
  3 scorpions (D:5)
  A gnoll sergeant (D:6)
  Dowan (D:4)
  2 hounds
  A jelly (D:5)
  An orc priest (D:5)
  Natasha (thrice) (D:2)
  2 iguanas (D:6)
  2 orc wizards
  Robin (D:3)
  3 gnolls (D:5)
  6 adders
  2 white imps
  3 worms
  9 orcs
  5 ball pythons
  3 bats
  7 endoplasms
  4 giant cockroaches
  13 goblins
  8 hobgoblins
  22 kobolds
  2 quokkas
  5 frilled lizards
  5 rats
124 creatures vanquished.

Vanquished Creatures (others)
  An adder (D:4)
  A withered plant (D:3)
2 creatures vanquished.

Grand Total: 126 creatures vanquished

Notes
Turn   | Place    | Note
-------+----------+-------------------------------------------
     0 | D:1      | avis the Hill Orc Monk began the quest for the Orb.
     0 | D:1      | Reached XP level 1. HP: 19/19 MP: 1/1
   399 | D:1      | Reached XP level 2. HP: 24/27 MP: 2/2
   618 | D:1      | Found Luedoz's Weapon Shop.
  1054 | D:1      | Bought 3 poisoned darts for 14 gold pieces
  1289 | D:2      | Reached XP level 3. HP: 30/33 MP: 3/3
  1331 | D:2      | Noticed Sigmund
  1337 | D:2      | Killed Sigmund
  1338 | D:2      | Reached skill level 5 in Unarmed Combat
  1338 | D:2      | Reached skill level 1 in Spellcasting
  1338 | D:2      | Reached XP level 4. HP: 33/41 MP: 3/5
  1338 | D:2      | Reached XP level 5. HP: 38/47 MP: 3/6
  1345 | D:2      | Learned a level 4 spell: Ice Form
  1406 | D:2      | Noticed Natasha
  1415 | D:2      | Killed Natasha
  1416 | D:2      | Reached skill level 5 in Fighting
  1474 | D:2      | Found Peomao's Antique Armour Emporium.
  1491 | D:2      | Found Seos's Distillery.
  1546 | D:2      | Noticed Natasha
  1636 | D:2      | Found Zajun's Distillery.
  1681 | D:2      | Found Caeth's Magic Scroll Boutique.
  2094 | D:2      | Killed Natasha
  2095 | D:2      | Reached XP level 6. HP: 46/56 MP: 7/7
  2151 | D:2      | Learned a level 3 spell: Frozen Ramparts
  2280 | D:2      | Noticed Natasha
  2295 | D:2      | Killed Natasha
  2736 | D:2      | Bought an embroidered robe for 92 gold pieces
  3313 | D:3      | Found a basalt altar of Yredelemnul.
  3455 | D:3      | Noticed Robin
  3460 | D:3      | Reached skill level 1 in Transmutations
  3498 | D:3      | Killed Robin
  4009 | D:2      | Bought a potion of degeneration for 10 gold pieces
  4050 | D:2      | Bought a scroll of noise for 12 gold pieces
  4073 | D:4      | Found a glowing drain.
  4076 | D:4      | Became a worshipper of Beogh the Brigand
  4076 | D:4      | Reached * piety under Beogh
  4076 | D:4      | Reached ** piety under Beogh
  4080 | D:4      | Identified the +6 leather armour of the Old and Reckless
                  | {rPois Int+2 Slay+3}
  4141 | Sewer    | Entered a sewer
  4231 | Sewer    | Noticed Pargi
  4243 | Sewer    | Killed Pargi
  4244 | Sewer    | Reached skill level 1 in Ice Magic
  4244 | Sewer    | Reached XP level 7. HP: 54/62 MP: 8/8
  5004 | D:2      | Bought a scroll of identify for 24 gold pieces
  5053 | D:5      | Entered Level 5 of the Dungeon
  5252 | D:5      | Noticed Duvessa
  5252 | D:5      | Noticed Dowan
  5295 | D:5      | Killed Duvessa
  5450 | D:4      | Killed Dowan
  5846 | D:5      | Reached XP level 8. HP: 63/71 MP: 1/11
  6161 | D:5      | Learned a level 3 spell: Ozocubu's Armour
  6258 | D:2      | Bought a potion of lignification for 30 gold pieces
  6299 | D:2      | Bought a scroll of teleportation for 36 gold pieces
  7020 | D:6      | Reached *** piety under Beogh
  7021 | D:6      | Reached skill level 1 in Invocations
  7209 | D:6      | Noticed a kobold demonologist
  7214 | D:6      | Noticed a sixfirhy
  7217 | D:6      | Killed a kobold demonologist
  7218 | D:6      | Reached XP level 9. HP: 82/82 MP: 5/12
  7271 | D:6      | Noticed a cyclops
  7280 | D:6      | Slain by a cyclops

Illustrated notes

Levels and vault maps discovered:
D:1:      lightli_arrival_noodles, layout_rooms, serial_rivers,
          chequers_serial_rivers_large_b, chequers_serial_rivers_large_a,
          chequers_serial_rivers_small_b, chequers_serial_rivers_marsh,
          serial_shops, nicolae_shop_bloodbath_and_beyond
D:2:      layout_loops_cross, serial_shops, nicolae_shop_advertising_works
          [nicolae_subvault_shop_adworks], nicolae_shop_window_shopping, shop,
          shop, uniq_natasha, uniq_sigmund
D:3:      layout_loops_corners, yredelemnul_altar_generic,
          amcnicky_mini_pool_small, uniq_robin
D:4:      layout_loops_ring, gup_sewer_entry_glass
D:5:      layout_loops_ring, uniq_duvessa
D:6:      layout_gridville, minmay_three_doors

Skill      XL: |  1  2  3  4  5  6  7  8 |
---------------+-------------------------+-----
Fighting       | 4 5 6 8 |  8.3
Unarmed Combat | 4 5 6 7 8 |  8.4
Spellcasting   | 1 2 |  2.0
Transmutations | 1 2 |  2.0
Ice Magic      | 1 2 4 |  4.0
Invocations    | 3 |  3.0
Dodging        | |  2.4
Stealth        | |  1.5

Action                   |  1- 3 |  4- 6 |  7- 9 || total
-------------------------+-------+-------+-------++-------
Melee: Whip              |    51 |    42 |       ||    93
       Unarmed           |     7 |   138 |   161 ||   306
       Punch             |       |     8 |     9 ||    17
Throw: Dart              |       |       |     4 ||     4
       Boomerang         |       |       |     4 ||     4
 Cast: Frozen Ramparts   |       |       |    14 ||    14
       Ozocubu's Armour  |       |       |     8 ||     8
Invok: Convert to Beogh  |       |     1 |       ||     1
  Use: Scroll            |       |       |     8 ||     8
 Stab: Sleeping          |     3 |     5 |     5 ||    13
       Distracted        |       |     1 |       ||     1
Armor: Robe              |     6 |    31 |       ||    37
       Leather armour    |       |    23 |    41 ||    64
Dodge: Dodged            |    25 |    79 |    77 ||   181

Table legend: (Time is in decaauts)
 A = Elapsed time spent in this place.
 B = Non-inter-level travel time spent in this place.
 C = Inter-level travel time spent in this place.
 D = Time resting spent in this place.
 E = Time spent auto-exploring this place.
 F = Levels seen in this place.
 G = Mean time per level.
                   A        B        C        D        E       F      G
               +--------+--------+--------+--------+--------+-----+--------+
         Total |   7330 |   6153 |   1177 |   1717 |   2741 |   7 | 1047.1 |
       Dungeon |   7125 |   5948 |   1177 |   1679 |   2741 |   6 | 1187.5 |
         Sewer |    205 |    205 |      0 |     38 |      0 |   1 |  205.0 |
               +--------+--------+--------+--------+--------+-----+--------+

Top non-repeatable levels by time:
     D:2: 1538 daAuts
     D:3: 1466 daAuts
     D:1: 1332 daAuts
     D:4: 1023 daAuts
     D:5: 952 daAuts
     D:6: 812 daAuts
   Sewer: 205 daAuts
